 Dungeon Crawl Stone Soup version 0.26.1-10-gdfb7c7de75 (webtiles) character file.

Game seed: 2286828422653919705

1218 Phaedo the Covert (level 8, -2/52 HPs)
             Began as an Octopode Delver on Mar 31, 2021.
             Slain by a steam dragon (4 damage)
             ... on level 6 of the Dungeon.
             The game lasted 00:15:30 (6555 turns).

Phaedo the Covert (Octopode Delver)                 Turns: 6555, Time: 00:15:31

Health: -2/52      AC:  2    Str: 11    XL:     8   Next: 46%
Magic:  8/8        EV: 20    Int: 15    God:
Gold:   354        SH:  0    Dex: 13    Spells: 5/7 levels left

rFire    . . .     SeeInvis .   a - +0 spear
rCold    . . .     Faith    .   (no shield)
rNeg     . . .     Spirit   .   z - +1 hat
rPois    .         Reflect  .   (no amulet)
rElec    .         Harm     .   p - +4 ring of evasion
rCorr    .         Rampage  .   r - ring of wizardry
Will     .....                  (no ring)
Stlth    +++++.....             (no ring)
HPRegen  0.17/turn              (no ring)
MPRegen  0.11/turn              (no ring)
                                (no ring)
                                (no ring)

@: no status effects
A: almost no armour, stealthy swim, amphibious, 8 rings, constrict 8, camouflage
1, gelatinous body 1
a: no special abilities


You were on level 6 of the Dungeon.
You visited 1 branch of the dungeon, and saw 6 of its levels.

You collected 354 gold pieces.

Inventory:

Hand Weapons
 a - a +0 spear (weapon)
 y - a +0 trident
Missiles
 k - 20 poisoned darts
 l - 61 stones
 n - 13 boomerangs (quivered)
Armour
 z - a +1 hat (worn)
Jewellery
 o - an uncursed amulet of faith
 p - a +4 ring of evasion (left tentacle)
 r - a ring of wizardry (right tentacle)
Wands
 f - a wand of digging (3)
 B - a wand of flame (20)
Scrolls
 b - a scroll of fog
 c - 4 scrolls of magic mapping
 d - a scroll of fear
 g - a scroll of blinking
 i - 2 scrolls of noise
 m - 5 scrolls of remove curse
 q - a scroll of enchant weapon {unknown}
 t - a scroll of enchant armour {unknown}
 x - a scroll of teleportation
Potions
 e - 4 potions of haste
 h - a potion of resistance
 j - 2 potions of brilliance
 s - 2 potions of degeneration {unknown}
 v - 2 potions of heal wounds {unknown}
 w - a potion of magic {unknown}
 A - a potion of might {unknown}
 C - a potion of lignification {unknown}


   Skills:
 - Level 3.1 Fighting
 + Level 5.8 Polearms
 + Level 5.7 Dodging
 + Level 10.7 Stealth


You had 5 spell levels left.
You knew the following spells:

 Your Spells              Type           Power        Failure   Level
a - Animate Skeleton      Necr           0%           11%         1
b - Apportation           Tloc           0%           11%         1

Your spell library contained the following spells:

 Spells                   Type           Power        Failure   Level
 Corona                   Hex            0%           11%         1
 Summon Small Mammal      Summ           0%           11%         1
 Confusing Touch          Hex            0%           32%         3
 Gell's Gravitas          Tloc           0%           32%         3
 Petrify                  Tmut/Erth      0%           69%         4
 Metabolic Englaciation   Hex/Ice        0%           95%         5
 Yara's Violent Unravell  Hex/Tmut       0%           95%         5


Dungeon Overview and Level Annotations

Branches:
Dungeon (6/15)
 Temple: D:4-7

Altars:
Makhleb
Okawaru
Xom


Innate Abilities, Weirdness & Mutations

You cannot wear most types of armour.
You are very stealthy in the water. (Stealth+)
You are amphibious.
You can wear up to eight rings at the same time.
You can use your tentacles to constrict eight enemies at once.
Your skin changes colour to match your surroundings (Stealth+).
Your rubbery body absorbs attacks. (AC +1, EV +1)


Message History

The steam dragon bites you! The steam dragon claws you.
You hit the steam dragon but do no damage.
You squeeze the steam dragon!
The steam dragon is moderately wounded.
The steam dragon bites you. The steam dragon barely misses you.
You hit the steam dragon but do no damage.
You squeeze the steam dragon.
The steam dragon is moderately wounded.
The steam dragon breathes steam at you. The ball of steam hits you!
* * * LOW HITPOINT WARNING * * *
The steam dragon bites you.
* * * LOW HITPOINT WARNING * * *
The steam dragon barely misses you.
You feel better. The steam dragon breathes steam at you.
The ball of steam hits you!
* * * LOW HITPOINT WARNING * * *
The steam dragon bites you.
You die...

..#... ###...##...#.......
#..###.#........#......# .
##..#.#..)....#.........#
.##............###.##...###
........######.##...##.##
##...####≈≈≈≈###§....# #
#.### ..... #§.§.≈# ##.##
D..#....#D§§≈§# ....#
⌠..##....@§§≈## ....#
...###≈≈≈≈#### ...### ..#
###### ...#.##.### ..
.....#....##..
.#..........# .####......##
.###...#..## ..##...#.##


You could see a steam dragon (catching breath).

Vanquished Creatures
  A steam dragon (D:6)
  Edmund (D:4)
  An orc warrior (D:4)
  A phantom (D:5)
  A bullfrog (D:5)
  A scorpion (D:5)
  A centaur zombie (D:5)
  A hound (D:4)
  4 orc priests
  An orc wizard (D:3)
  Ijyb (D:3)
  Natasha (thrice) (D:4)
  An iguana (D:6)
  3 worker ants
  A hound skeleton (D:4)
  A howler monkey zombie (D:6)
  A gnoll (D:3)
  10 adders
  2 shadow imps (D:5)
  A white imp (D:4)
  An ufetubus (D:4)
  An ooze (D:3)
  2 adder skeletons
  A worm (D:3)
  A dart slug (D:1)
  5 leopard geckos
  13 orcs
  9 bats
  A giant cockroach (D:3)
  12 goblins
  6 hobgoblins
  11 jackals
  9 kobolds
  3 quokkas
  3 frilled lizards
  A leopard gecko skeleton (D:6)
  A quokka skeleton (D:4)
  8 rats
125 creatures vanquished.

Notes
Turn   | Place    | Note
-------+----------+-------------------------------------------
     0 | D:5      | Phaedo the Octopode Delver began the quest for the Orb.
     0 | D:5      | Reached XP level 1. HP: 16/16 MP: 1/1
    50 | D:4      | Noticed Natasha
   370 | D:5      | Noticed a phantom
   439 | D:3      | Noticed Ijyb
   441 | D:3      | Reached skill level 7 in Stealth
   441 | D:3      | Reached XP level 2. HP: 21/21 MP: 2/2
   536 | D:3      | Reached XP level 3. HP: 26/26 MP: 3/3
  1615 | D:2      | Reached XP level 4. HP: 31/31 MP: 4/4
  2162 | D:2      | Reached skill level 8 in Stealth
  2708 | D:3      | Reached XP level 5. HP: 36/36 MP: 5/5
  2873 | D:3      | Learned a level 1 spell: Animate Skeleton
  2875 | D:3      | Learned a level 1 spell: Apportation
  2918 | D:3      | Found a shimmering altar of Xom.
  2920 | D:3      | Found a shimmering altar of Xom.
  2940 | D:3      | Found a shimmering altar of Xom.
  2940 | D:3      | Found a shimmering altar of Xom.
  2940 | D:3      | Found a shimmering altar of Xom.
  2940 | D:3      | Found a shimmering altar of Xom.
  3113 | D:3      | Found a shimmering altar of Xom.
  3219 | D:3      | Killed Ijyb
  3513 | D:3      | Reached XP level 6. HP: 39/42 MP: 6/6
  3762 | D:4      | Killed Natasha
  3766 | D:4      | Noticed Natasha
  3776 | D:4      | Killed Natasha
  3844 | D:4      | Noticed Edmund
  3848 | D:4      | Noticed an orc warrior
  3952 | D:4      | Killed an orc warrior
  3953 | D:4      | Reached skill level 9 in Stealth
  4004 | D:4      | Killed Edmund
  4005 | D:4      | Reached XP level 7. HP: 29/46 MP: 7/7
  4162 | D:4      | Noticed Natasha
  4168 | D:4      | Killed Natasha
  4342 | D:4      | Found a burning altar of Makhleb.
  4879 | D:5      | Found an iron altar of Okawaru.
  5032 | D:5      | Reached skill level 5 in Polearms
  5032 | D:5      | Reached skill level 10 in Stealth
  5363 | D:5      | Reached skill level 5 in Dodging
  5363 | D:5      | Reached XP level 8. HP: 36/52 MP: 8/8
  6554 | D:6      | HP: 2/52 [steam dragon/ball of steam (11)]
  6555 | D:6      | Slain by a steam dragon

Illustrated notes

Levels and vault maps discovered:
D:1:      minmay_arrival_semitransparent, layout_loops_ring
D:2:      layout_basic, st_stairs_14
D:3:      minmay_chambers_of_threes, layout_rooms, nicolae_xom_altar_mimics,
          uniq_ijyb
D:4:      layout_cave_pools, makhleb_blood_cavern_becter, kennysheep_cross_room,
          chequers_serial_rivers_micro_d, uniq_edmund, uniq_natasha
D:5:      layout_basic, serial_corexii_hall, corexii_hall_statues_i,
          corexii_hall_statues_i, corexii_hall_statues_x,
          corexii_hall_statues_l, corexii_hall_statues_s,
          chequers_hall_statues_y, okawaru_ov_weapons_minmay
D:6:      cheibrodos_steamvent, layout_cave_pools, minmay_temple_entry_glass,
          serial_shops, kennysheep_little_box, minmay_chambers_of_fives,
          uniq_sigmund, uniq_menkaure

Skill      XL: |  1  2  3  4  5  6  7 |
---------------+----------------------+-----
Stealth        | 7 8 9 10 | 10.7
Polearms       | 3 4 5 |  5.8
Dodging        | 3 4 5 |  5.7
Fighting       | |  3.1

Action                   |  1- 3 |  4- 6 |  7- 9 || total
-------------------------+-------+-------+-------++-------
Melee: Spear             |    79 |   123 |   162 ||   364
       Tentacles         |    12 |    28 |    48 ||    88
       Constrict         |    13 |    28 |    27 ||    68
       Unarmed           |       |    30 |       ||    30
Throw: Dart              |     2 |    43 |     6 ||    51
       Boomerang         |       |       |    36 ||    36
  Use: Scroll            |     2 |       |     5 ||     7
       Potion            |       |       |     1 ||     1
 Stab: Sleeping          |    16 |    12 |    12 ||    40
       Distracted        |       |     2 |     1 ||     3
Armor: Skin              |     3 |    11 |     4 ||    18
Dodge: Dodged            |    29 |    71 |    95 ||   195
